Map: 普罗西玛空间站 - 天梯版

Players

Raze

  • Race: Terran Terran
  • Spawn Location: 7:00

TooDming - Winner!

  • Race: Zerg Zerg
  • Spawn Location: 1:00

Event: WCS Austin 2017

VOD

Have the link to the VOD?

Description

Time

  • Played on: April 28, 2017, 2:09 p.m.
  • Length: 13:25

All games in this series

Show
View Real Time Build Order
Export as new Build Order

Raze Terran 

Build Orders: Bio Tank 

Get SALT Encoding   

  12  0:00  SCV  
  13  0:13  SCV  
  14  0:18  Supply Depot  
  14  0:25  SCV  
  15  0:28  Refinery  
  15  0:39  SCV  
  16  0:45  Barracks  
  16  0:51  SCV  
  17  1:03  SCV  
  18  1:16  SCV  
  19  1:31  Orbital Command  
  19  1:32  Marine  
  20  1:44  Command Center  
  20  1:49  Marine  
  21  1:57  SCV  
  22  2:01  Factory  
  22  2:09  SCV  
  22  2:14  Supply Depot  
  23  2:25  Refinery  
  23  2:31  Barracks Reactor  
  23  2:35  SCV  
  24  2:45  Starport, Widow Mine  
  24  2:48  SCV  
  27  2:56  Orbital Command  
  27  3:00  SCV  
  28  3:08  Marine x2  
  28  3:12  SCV  
  31  3:15  Factory Tech Lab  
  31  3:21  SCV  
  31  3:24  Medivac, SCV  
  31  3:26  Marine x2  
  37  3:32  Supply Depot  
  37  3:33  SCV  
  38  3:36  Siege Tank, SCV  
  42  3:43  Marine  
  42  3:44  Marine  
  42  3:45  SCV  
  42  3:48  SCV  
  46  3:53  Supply Depot  
  46  3:57  SCV  
  46  4:00  SCV  
  46  4:01  Marine x2  
  50  4:07  Supply Depot  
  50  4:08  Siege Tank  
  54  4:10  SCV  
  54  4:14  Medivac  
  54  4:15  SCV  
  57  4:19  Marine x2  
  57  4:22  SCV  
  60  4:26  Supply Depot  
  60  4:27  SCV  
  61  4:37  Marine x2  
  63  4:52  SCV x2  
  65  4:54  Engineering Bay x2  
  65  4:55  Command Center  
  65  4:57  Factory Tech Lab  
  65  4:59  Cloaking Field  
  63  5:00  Banshee  
  63  5:05  SCV  
  63  5:06  Supply Depot  
  67  5:12  Marine x2  
  69  5:15  Siege Tank  
  69  5:17  Refinery  
  69  5:19  SCV  
  69  5:20  Refinery  
  73  5:25  SCV  
  74  5:30  Marine x2  
  74  5:34  SCV  
  77  5:39  Terran Infantry Weapons Level 1, SCV  
  78  5:46  SCV  
  74  5:52  Banshee  
  74  5:54  SCV  
  74  5:57  Terran Infantry Armor Level 1  
  75  5:58  Supply Depot  
  75  6:01  Barracks x2  
  75  6:03  Barracks  
  75  6:06  Barracks  
  75  6:07  SCV  
  75  6:09  SCV  
  75  6:10  Factory Reactor  
  77  6:13  Orbital Command  
  77  6:18  Supply Depot  
  77  6:19  SCV  
  77  6:25  Marine  
  78  6:26  Stimpack  
  78  6:27  SCV  
  78  6:30  Supply Depot  
  78  6:31  SCV  
  81  6:39  SCV  
  83  6:42  Orbital Command  
  83  6:43  Marine, SCV  
  84  6:52  SCV  
  85  7:01  Barracks Reactor  
  83  7:03  SCV  
  84  7:10  Factory Tech Lab, SCV x2  
  84  7:11  Starport Reactor, Marine  
  84  7:12  Combat Shields, Marine x4  
  91  7:16  SCV  
  91  7:20  Armory  
  91  7:22  SCV x2  
  94  7:25  Marine  
  94  7:27  Supply Depot  
  94  7:28  SCV  
  94  7:29  Marine x3  
  97  7:34  Marine x2  
  97  7:35  Siege Tank  
  97  7:37  SCV x2  
  106  7:39  Refinery  
  106  7:40  SCV  
  106  7:41  Factory, Refinery, Marine  
  106  7:42  Marine  
  106  7:43  Marine  
  110  7:47  Marine x3  
  110  7:49  SCV  
  114  7:51  Marine  
  114  7:52  Marine  
  114  7:53  SCV  
  114  7:54  SCV  
  114  7:57  Supply Depot  
  118  7:59  Marine  
  118  8:01  Supply Depot, Barracks  
  118  8:02  Barracks x2, Marine  
  118  8:03  Marine  
  118  8:05  Marine x3  
  122  8:09  Terran Infantry Weapons Level 2, Marine, Terran Infantry Armor Level 2  
  122  8:11  Terran Vehicle Weapons Level 1  
  125  8:24  Siege Tank  
  128  8:28  Marine x7  
  128  8:29  Medivac x2  
  128  8:32  Supply Depot  
  128  8:33  Supply Depot  
  139  8:36  Supply Depot, Marine  
  140  8:45  Marine  
  140  8:46  Supply Depot  
  140  8:47  Supply Depot  
  141  8:49  Supply Depot  
  141  8:54  Barracks Reactor x3  
  141  8:56  Siege Tank  
  141  8:58  Barracks Reactor  
  141  8:59  Medivac x2, Marine x6  
  154  9:04  Marine  
  155  9:10  Command Center  
  155  9:12  Supply Depot  
  155  9:16  Missile Turret  
  155  9:17  Marine x5  
  152  9:19  Missile Turret, Marine  
  152  9:20  Missile Turret x2  
  155  9:28  Siege Tank x2  
  155  9:30  Marine x4  
  155  9:31  Marine x2  
  164  9:33  Medivac  
  164  9:35  Medivac  
  164  9:38  Marauder, Marine  
  170  9:44  Marine x7  
  178  9:48  Marine x3  
  181  9:59  Thor  
  181  10:03  Medivac  
  181  10:05  Medivac  
  188  10:15  Thor  
  145  10:42  Marine  
  115  10:43  Marine x5  
  115  10:45  Thor  
  115  10:46  Marine x5  
  115  10:47  Marine x4  
  115  10:58  Thor  
  115  11:00  Unknown, Marine x3  
  115  11:01  Unknown x5  
  120  11:06  Marine x2  
  120  11:10  Marine x2  
  123  11:13  Marine x3  
  118  11:22  Marine  
  114  11:34  Marine x7  
  114  11:37  Marine  
  122  11:42  Orbital Command  
  122  11:48  Missile Turret  
  122  11:51  Siege Tank  
  122  11:53  Marine  
  126  11:55  Marine  
  126  12:06  Marine x9  
  135  12:16  Siege Tank  
  135  12:17  Orbital Command  
  138  12:23  Missile Turret  
  132  12:37  Siege Tank  
  132  12:38  Marine  
  132  12:39  Marauder, Marine x4  
  142  12:47  Supply Depot x2  
  142  12:48  Siege Tank  
  142  12:50  Marine x2  
  147  12:54  Medivac  
Show
View Real Time Build Order
Export as new Build Order

TooDming Zerg - Winner!

Build Orders: Pool First, Muta Ling Bane 

Get SALT Encoding   

  12  0:00  Drone  
  13  0:12  Overlord  
  13  0:17  Drone  
  14  0:30  Drone x2  
  14  0:34  Drone  
  17  0:45  Spawning Pool  
  17  0:49  Drone  
  17  1:09  Hatchery  
  16  1:12  Drone  
  16  1:15  Drone  
  18  1:18  Drone  
  19  1:32  Queen, Zergling x2  
  21  1:38  Overlord  
  22  1:56  Hatchery  
  21  2:05  Extractor  
  21  2:07  Queen  
  22  2:11  Drone  
  22  2:13  Drone  
  24  2:20  Overlord  
  24  2:29  Queen  
  26  2:41  Drone x3  
  29  2:45  Drone  
  29  2:48  Drone  
  31  2:51  Drone  
  31  2:57  Overlord  
  32  3:02  Drone  
  32  3:03  Drone  
  34  3:08  Metabolic Boost  
  35  3:12  Drone  
  35  3:16  Drone x2  
  36  3:24  Drone  
  36  3:25  Drone  
  38  3:27  Drone x2  
  38  3:29  Drone  
  41  3:35  Overlord  
  41  3:41  Drone x3  
  41  3:43  Drone x2  
  41  3:47  Drone x2  
  48  3:50  Drone  
  49  3:56  Overlord  
  49  3:58  Queen  
  49  4:02  Queen  
  53  4:06  Queen  
  53  4:09  Drone  
  56  4:12  Drone  
  56  4:14  Overlord  
  56  4:16  Drone x2  
  59  4:22  Evolution Chamber  
  59  4:23  Evolution Chamber  
  57  4:24  Extractor  
  57  4:29  Zergling x10  
  61  4:32  Spore Crawler  
  59  4:43  Zergling x8  
  63  4:51  Zerg Ground Armor Level 1  
  63  4:57  Zerg Melee Weapons Level 1  
  63  4:58  Overlord x2  
  63  5:00  Zergling x2  
  63  5:01  Zergling x4  
  66  5:12  Extractor  
  66  5:13  Overlord  
  65  5:14  Drone x2  
  65  5:15  Drone x4  
  65  5:16  Drone  
  65  5:17  Drone  
  65  5:18  Drone  
  65  5:19  Drone  
  75  5:21  Drone  
  75  5:27  Baneling Nest  
  75  5:35  Zergling x12  
  69  5:52  Drone x2  
  69  5:54  Lair  
  71  5:57  Drone x2  
  71  6:01  Drone x3  
  71  6:02  Drone x4  
  80  6:04  Overlord  
  80  6:06  Drone x2  
  80  6:10  Drone x3  
  85  6:14  Extractor x2  
  85  6:18  Drone x3  
  85  6:22  Drone  
  85  6:23  Drone  
  86  6:28  Extractor  
  86  6:29  Drone x2  
  86  6:31  Overlord  
  87  6:34  Hatchery, Spore Crawler  
  87  6:36  Spore Crawler  
  80  6:43  Drone x5  
  81  6:59  Overseer  
  78  7:02  Zerg Melee Weapons Level 2, Centrifical Hooks  
  78  7:04  Zerg Ground Armor Level 2  
  76  7:11  Drone x3  
  76  7:12  Drone x2  
  76  7:13  Drone  
  82  7:18  Drone  
  82  7:19  Drone  
  82  7:20  Drone x4  
  88  7:29  Overlord  
  88  7:31  Drone, Spire  
  88  7:33  Zergling x6  
  88  7:34  Zergling x2  
  92  7:41  Pneumatized Carapace  
  92  7:42  Zergling x10  
  97  7:47  Zergling x6  
  97  7:48  Zergling x2  
  101  7:59  Overlord x2  
  101  8:01  Baneling x2  
  101  8:02  Baneling x5  
  101  8:03  Baneling  
  101  8:07  Zergling x8  
  105  8:15  Drone x7  
  105  8:19  Queen, Hatchery  
  108  8:26  Drone x3  
  105  8:36  Drone  
  105  8:37  Drone x2  
  106  8:44  Mutalisk x7  
  106  8:46  Overseer  
  120  8:52  Drone x6  
  126  8:58  Mutalisk  
  128  9:03  Mutalisk  
  128  9:06  Zergling x14  
  137  9:13  Mutalisk  
  139  9:17  Baneling x3  
  139  9:18  Baneling  
  139  9:19  Zergling x2  
  139  9:20  Zergling x6  
  139  9:22  Overlord x3  
  143  9:38  Mutalisk  
  143  9:39  Mutalisk  
  143  9:40  Overlord x2  
  143  9:44  Baneling  
  143  9:45  Zergling x2, Baneling x5  
  147  9:46  Zergling x20  
  147  9:50  Extractor  
  157  9:56  Mutalisk  
  157  9:58  Overlord x2  
  157  9:59  Overlord  
  159  10:00  Zergling x14  
  165  10:10  Drone x3  
  168  10:15  Mutalisk x3  
  168  10:18  Baneling  
  168  10:19  Baneling x3  
  168  10:20  Zergling x14  
  171  10:31  Zergling x20  
  156  10:43  Mutalisk x4  
  156  10:46  Zergling x8  
  156  10:47  Zergling x4  
  157  10:56  Zergling x2  
  157  10:57  Zergling x6  
  157  11:03  Drone  
  157  11:04  Drone x6  
  147  11:05  Drone  
  147  11:11  Zergling x14  
  147  11:15  Infestation Pit  
  147  11:20  Baneling x4  
  147  11:21  Baneling x5  
  146  11:30  Zergling x18  
  155  11:35  Hatchery  
  155  11:36  Baneling x19  
  155  11:37  Zergling x14  
  161  11:57  Zergling x18  
  161  11:58  Hive  
  168  12:03  Zergling x16  
  168  12:07  Baneling x17  
  168  12:08  Baneling  
  175  12:10  Zergling x8  
  179  12:20  Queen  
  181  12:28  Zergling x16  
  188  12:35  Zergling x16  
  188  12:36  Zergling x2  
  182  12:41  Hatchery  
  182  12:42  Zergling x2  
  182  12:43  Zergling x4  
  184  12:47  Baneling  
  184  12:48  Baneling x23  
  184  12:50  Zergling x4  
  186  12:58  Drone x3  
  187  12:59  Drone x3  
  187  13:04  Zergling x2  
  187  13:05  Zergling x12  
Tags
 
Add a new tag
Caveats
  • Supply blocks, unpowered buildings, or Contaminate may cause inaccurate times.
  • Supply counts are checked every 10 seconds.